[Event "Late-Titled-Tuesday-Blitz-May-14-2024"]
[Site "Chess.com"]
[Date "2024.05.14"]
[Round "1"]
[White "Aygehovit1992"]
[Black "XeresLt"]
[Result "1-0"]
[WhiteElo "2849"]
[BlackElo "2474"]
[TimeControl "180+1"]
[EndTime "14:06:42 PDT"]
[Termination "Aygehovit1992 won by resignation"]

1. e4 c5 2. Nf3 Nc6 3. Bb5 g6 4. O-O Bg7 5. Re1 e5 6. Bxc6 dxc6 7. d3 Qc7 8. a3 Nf6 9. b4 cxb4 10. axb4 O-O 11. Bb2 Re8 12. Nbd2 Bg4 13. h3 Bxf3 14. Nxf3 a5 15. bxa5 Rxa5 16. Bc3 Rxa1 17. Qxa1 Nd7 18.
Rb1 b5 19. Qa6 Nc5 20. Qa3 Na4 21. Ba1 Bf8 22. Qa2 Nc5 23. h4 h5 24. Ng5 Ne6 25. Nxe6 Rxe6 26. Qa8 Kg7 27. f4 Bc5+ 28. Kh2 Bd4 29.
Bxd4 exd4 30. g3 Qe7 31. Ra1 Qc5 32. Qa3 Qxc2+ 33. Kh3 Qe2 34. Ra2 Qf1+ 35. Kh2 b4 36.
Qb3 c5 37. Qc4 Rb6 38. Qxc5 b3 39. Qxd4+ Rf6 40. Rb2 Qd1 41. Qc3 Kh7 42. Qxf6 Qxd3 43. Qxf7+ Kh6 44. Qxb3 Qxe4 45. Qc3 1-0

[Event "Late-Titled-Tuesday-Blitz-May-14-2024"]
[Site "Chess.com"]
[Date "2024.05.14"]
[Round "1"]
[White "VirtualCoach"]
[Black "Russian_berezka"]
[Result "0-1"]
[WhiteElo "2210"]
[BlackElo "2588"]
[TimeControl "180+1"]
[EndTime "14:06:42 PDT"]
[Termination "Russian_berezka won by resignation"]

1. e4 g6 2. d4 Bg7 3. Nc3 d5 4.
exd5 Nf6 5. Nf3 Nbd7 6. Be2 O-O 7. O-O Nb6 8. Re1 Nbxd5 9. Nxd5 Nxd5 10. c4 Nf6 11. Bd2 Bg4 12. Bc3 Ne4 13. Qc2 Nxc3 14. bxc3 Qd6 15. h3 Bxf3 16. Bxf3 c6 17. Rab1 Rab8 18.
Qa4 a6 19. Qc2 e6 20. Rb6 Qc7 21. Reb1 e5 22. d5 f5 23. Qb3 e4 24. Be2 cxd5 25.
cxd5 Qxc3 26. Bc4 Rfc8 27. Qxc3 Bxc3 28. Bxa6 Bd4 29. R6b4 Ba7 30. Bxb7 Rc2 31. d6 Bxf2+ 32. Kh1 Kf8 33. a4 Bc5 34. Rb5 Bxd6 35. a5 Ra2 36.
a6 e3 37. R5b2 Ra3 38. Rb3 Rxb3 39. Rxb3 e2 40. Re3 Re8 41. Rxe2 Rxe2 0-1

[Event "Late-Titled-Tuesday-Blitz-May-14-2024"]
[Site "Chess.com"]
[Date "2024.05.14"]
[Round "1"]
[White "KNVB"]
[Black "rikchessmx"]
[Result "1-0"]
[WhiteElo "2827"]
[BlackElo "2458"]
[TimeControl "180+1"]
[EndTime "14:06:43 PDT"]
[Termination "KNVB won by resignation"]

1. d4 Nf6 2. Bf4 e6 3. e3 Bd6 4. Bxd6 cxd6 5. Nf3 d5 6. c4 dxc4 7. Bxc4 d5 8. Bd3 O-O 9. O-O Nc6 10. Nbd2 Bd7 11. a3 Rc8 12. Rc1 Qb6 13. Qb3 Qxb3 14. Nxb3 b6 15. Ba6 Rb8 16. Ne5 Nxe5 17. dxe5 Ne8 18. Nd4 f6 19. f4 Kf7 20. Nc6 Bxc6 21.
Rxc6 Ke7 22. Bc8 fxe5 23. fxe5 Rxf1+ 24. Kxf1 a5 25. Bxe6 Nc7 26. Rxc7+ Kxe6 27. Rxg7 Kxe5 28. Ke2 Rc8 29. Kd2 Rf8 30. Ke2 Rc8 31. Kd3 Rf8 32. Rxh7 Rf2 33. Rh5+ Kd6 34. Rh6+ Kc5 35. b4+ axb4 36.
axb4+ Kb5 37. g4 Rg2 38. h3 Rb2 39. g5 Rxb4 40. g6 Rb1 41. h4 Rg1 42. h5 Kb4 43.
Rh7 b5 44. g7 Kb3 45. h6 b4 46.
Rh8 Rd1+ 47. Ke2 Rg1 48. g8=Q Rxg8 49. Rxg8 Kc2 50. Rc8+ Kb1 51. Rb8 b3 52. Rxb3+ Kc2 53. Rd3 1-0

[Event "Late-Titled-Tuesday-Blitz-May-14-2024"]
[Site "Chess.com"]
[Date "2024.05.14"]
[Round "1"]
[White "jbking07"]
[Black "lukas_111111"]
[Result "1-0"]
[WhiteElo "2384"]
[BlackElo "2672"]
[TimeControl "180+1"]
[EndTime "14:06:43 PDT"]
[Termination "jbking07 won on time"]

1. Nf3 d6 2. g3 e5 3. d3 f5 4. Bg2 Be7 5. c4 g5 6. Nc3 g4 7. Ng1 Nf6 8. Bg5 c6 9. e3 Be6 10. Nge2 Nbd7 11. h3 gxh3 12. Bxh3 Qb6 13. Qd2 O-O-O 14.
d4 Bxc4 15. Bxf5 Kb8 16. Rh6 Ng8 17. Bxe7 Nxe7 18. Bxd7 Rxd7 19. dxe5 d5 20. Nd4 Ng6 21. e6 Re7 22. b3 Ba6 23. Na4 Qc7 24. Nc5 Qb6 25. Nd7+ Rxd7 26. exd7 Ne5 27. O-O-O Nxd7 28. e4 Ne5 29. Qf4 Qc7 30. Ne6 Qd6 31. exd5 cxd5 32. Kb1 Rc8 33. Nd4 Qc7 34. Rc1 1-0

[Event "Late-Titled-Tuesday-Blitz-May-14-2024"]
[Site "Chess.com"]
[Date "2024.05.14"]
[Round "1"]
[White "TigrVShlyape"]
[Black "GiorgianBarbosa"]
[Result "1-0"]
[WhiteElo "2952"]
[BlackElo "2524"]
[TimeControl "180+1"]
[EndTime "14:06:45 PDT"]
[Termination "TigrVShlyape won on time"]

1. e4 c5 2. Nf3 g6 3. c4 Bg7 4. d4 cxd4 5. Nxd4 Nc6 6. Be3 Nf6 7. Nc3 O-O 8. Be2 Nxd4 9. Bxd4 d6 10. O-O Bd7 11.
Qd2 Bc6 12. Bd3 a5 13. b3 Nd7 14. Bxg7 Kxg7 15. f4 Qb6+ 16. Kh1 Nc5 17. Bc2 a4 18. Rab1 axb3 19. axb3 Qb4 20. Qe3 e5 21. f5 f6 22.
h4 Ra3 23. Rf3 Nxb3 24. Nd5 Bxd5 25. cxd5 Qd2 26. Qxd2 Nxd2 27. Rxb7+ Kh6 28. Rxa3 Nc4 29. Raa7 Kh5 30. Rxh7+ Kg4 31. fxg6 Ne3 32. g7 Rb8 33. Rh8 Rb2 34. g8=Q+ Kf4 35. Rf7 Nxc2 36. Rxf6+ Kxe4 37. Qg4+ Kxd5 38. Qf3+ e4 39. Rh5+ Kd4 40. Rxd6+ Kc4 41. Qxe4+ Kb3 42. Rb5+ Ka2 43. Ra6+ Kb1 44. Rxb2+ Kxb2 45. Ra2+ Kc1 46. Rxc2+ Kd1 47. Re2 1-0

[Event "Late-Titled-Tuesday-Blitz-May-14-2024"]
[Site "Chess.com"]
[Date "2024.05.14"]
[Round "1"]
[White "Lennis93"]
[Black "micke12a"]
[Result "0-1"]
[WhiteElo "2713"]
[BlackElo "2416"]
[TimeControl "180+1"]
[EndTime "14:06:46 PDT"]
[Termination "micke12a won by resignation"]

1. d4 Nf6 2. Nf3 d5 3. c4 e6 4.
Nc3 dxc4 5. e3 a6 6. a4 c5 7.
Bxc4 Nc6 8. O-O Be7 9. Qe2 cxd4 10. Rd1 e5 11. exd4 exd4 12. h3 O-O 13. Bf4 Bc5 14.
Bg5 Re8 15. Bxf6 gxf6 16. Qc2 Be6 17. Bxe6 fxe6 18. Ne4 Be7 19. Ng3 f5 20. Qb3 Qd5 21. Qxd5 exd5 22. Nxf5 Bf6 23. N5xd4 Nxd4 24. Nxd4 Rac8 25. Ra3 Rc4 26. Nf5 Rd8 27. Rg3+ Kf7 28. b3 Rc3 29. Rxc3 Bxc3 30. Ne3 d4 31. Nc4 b5 32. Ne5+ Ke6 33. Nd3 bxa4 34. bxa4 Kd5 35. g4 Kc4 36. h4 Kb3 37. Ne1 Bxe1 38. Rxe1 d3 39. Re7 d2 40. Rb7+ Kxa4 41. Rb1 d1=Q+ 42.
Rxd1 Rxd1+ 43. Kg2 Kb5 44. g5 a5 45. f4 a4 46. f5 a3 47. g6 hxg6 48. fxg6 a2 49. g7 Rd8 50. h5 a1=Q 51. h6 Rg8 0-1

[Event "Late-Titled-Tuesday-Blitz-May-14-2024"]
[Site "Chess.com"]
[Date "2024.05.14"]
[Round "1"]
[White "Eliwood44"]
[Black "grzechu96"]
[Result "0-1"]
[WhiteElo "2445"]
[BlackElo "2803"]
[TimeControl "180+1"]
[EndTime "14:06:47 PDT"]
[Termination "grzechu96 won by checkmate"]

1. d4 d5 2. c4 e6 3. Nf3 c6 4. e3 Nf6 5. Nc3 Nbd7 6. Qc2 Bd6 7. b3 O-O 8. Be2 b6 9. O-O Bb7 10. Bb2 Qe7 11. Bd3 e5 12. cxd5 cxd5 13. dxe5 Nxe5 14. Nxe5 Qxe5 15. g3 Qh5 16. Be2 Qh3 17. Nb5 d4 18. f3 Ng4 19. Bd3 Nxe3 20. Qf2 Be5 21. Rfe1 Rad8 22. Bxd4 Rxd4 23. Nxd4 Bxd4 24. Bf1 Nxf1 25.
Qxd4 Nxh2 26. Re3 Qxg3+ 27. Kh1 Nxf3 28. Qd7 Qh2# 0-1

[Event "Late-Titled-Tuesday-Blitz-May-14-2024"]
[Site "Chess.com"]
[Date "2024.05.14"]
[Round "1"]
[White "Siemba"]
[Black "Ramil_Faizrakhmanov"]
[Result "0-1"]
[WhiteElo "2491"]
[BlackElo "2880"]
[TimeControl "180+1"]
[EndTime "14:06:48 PDT"]
[Termination "Ramil_Faizrakhmanov won by resignation"]

1. e4 e5 2. Nf3 Nc6 3. Bc4 Bc5 4. c3 Nf6 5. d4 exd4 6. b4 Bb6 7. e5 d5 8. exf6 dxc4 9. Qe2+ Be6 10. b5 Na5 11.
cxd4 Qxf6 12. Bg5 Qf5 13. Nc3 O-O 14. O-O Bd5 15. Nxd5 Qxd5 16. Rfe1 Qxb5 17. Rad1 Rfe8 18. Ne5 Qd5 19. Qg4 Re6 20. Nf3 Rae8 21. Bf6 g6 22. Qf4 Qf5 23. Qxf5 Rxe1+ 24. Nxe1 gxf5 25. Nf3 c3 26. Rc1 Re6 27. Be5 f6 28. Bf4 Re4 29. Bg3 Bxd4 30.
Nxd4 Rxd4 31. Bxc7 c2 32. Bxa5 Rd1+ 33. Be1 Rxc1 0-1

[Event "Late-Titled-Tuesday-Blitz-May-14-2024"]
[Site "Chess.com"]
[Date "2024.05.14"]
[Round "1"]
[White "Oleg_Papayan"]
[Black "Supergiuly"]
[Result "0-1"]
[WhiteElo "2627"]
[BlackElo "2346"]
[TimeControl "180+1"]
[EndTime "14:06:48 PDT"]
[Termination "Supergiuly won by resignation"]

1. e4 b6 2. d4 Bb7 3. Nc3 g6 4. Be3 Bg7 5. Qd2 e6 6. h4 h5 7. O-O-O Nf6 8. f3 Qe7 9. Nh3 Nc6 10. Bc4 O-O-O 11. Rhe1 Qb4 12. Bb3 Na5 13. Ng5 Nxb3+ 14. cxb3 Rhf8 15. Kb1 d5 16. e5 Nd7 17. Rc1 c5 18. f4 Kb8 19. g3 Bh6 20. Red1 Bxg5 21. fxg5 Rc8 22. Rf1 Ba6 23. Rf4 cxd4 24. Qxd4 Qxd4 25.
Bxd4 Nc5 26. Bxc5 Rxc5 27. b4 Rc4 28. b3 Rxf4 29. gxf4 d4 30. Na4 d3 31. Nc3 Rd8 32. b5 Bb7 33. Rd1 Rd4 34. Rf1 d2 35.
Kc2 Kc7 36. Rf2 Be4+ 37. Nxe4 d1=Q+ 38. Kb2 Rxe4 0-1

[Event "Late-Titled-Tuesday-Blitz-May-14-2024"]
[Site "Chess.com"]
[Date "2024.05.14"]
[Round "1"]
[White "MarceloPlaya"]
[Black "Casablanca"]
[Result "0-1"]
[WhiteElo "2335"]
[BlackElo "2655"]
[TimeControl "180+1"]
[EndTime "14:06:49 PDT"]
[Termination "Casablanca won on time"]

1. e4 b6 2. d4 Bb7 3. Nc3 e6 4. Be3 Bb4 5. f3 d5 6. e5 c5 7. a3 Bxc3+ 8. bxc3 Ne7 9. Ne2 Qc7 10. Qd2 Ba6 11. Kf2 cxd4 12. cxd4 Nbc6 13. Ng3 Bxf1 14. Rhxf1 Na5 15. Bg5 Nc4 16. Qf4 Ng6 17. Qc1 h6 18. Bf4 h5 19. Kg1 h4 20. Ne2 Rc8 21. Ra2 Ne7 22. c3 Nf5 23. g4 hxg3 24. hxg3 Qc6 25.
Kg2 Qa4 26. Rh1 Kd7 27. Rxh8 Rxh8 28. g4 Qb3 29. Ra1 Nh4+ 30. Kg3 Ng6 31. Bd2 Ne7 32. Bg5 Nc6 33. Qf4 Ke8 34. Bh4 Qc2 35. Re1 Qd2 36.
Qxd2 Nxd2 37. a4 Nc4 0-1

[Event "Late-Titled-Tuesday-Blitz-May-14-2024"]
[Site "Chess.com"]
[Date "2024.05.14"]
[Round "1"]
[White "KaydenTroffChess"]
[Black "marik_spb"]
[Result "1-0"]
[WhiteElo "2883"]
[BlackElo "2495"]
[TimeControl "180+1"]
[EndTime "14:06:50 PDT"]
[Termination "KaydenTroffChess won on time"]

1. d4 Nf6 2. Nf3 d5 3. Bf4 e6 4. e3 Bd6 5. Ne5 O-O 6. Bd3 Nbd7 7. Nd2 b6 8. Bg3 Bb7 9. f4 c5 10. c3 Ne4 11. Nxe4 dxe4 12. Bc4 Nxe5 13. fxe5 Be7 14. O-O Bh4 15. Qg4 Bxg3 16. Qxg3 Bd5 17. Be2 Kh8 18.
Rf4 f5 19. exf6 Rxf6 20. Raf1 Qe7 21. Rxf6 gxf6 22. Qh4 Rf8 23. b3 Bc6 24. Bg4 e5 25. dxe5 Qxe5 26. Bf5 Rf7 27. Qh6 Qxc3 28. Bxh7 Rg7 29.
Bxe4+ Kg8 30. Bxc6 Qe5 31. Rxf6 Qa1+ 32. Rf1 Qe5 33.
Qf4 Qe6 34. Qf3 Rg6 35. Bd5 1-0

[Event "Late-Titled-Tuesday-Blitz-May-14-2024"]
[Site "Chess.com"]
[Date "2024.05.14"]
[Round "1"]
[White "maximnovik"]
[Black "protectiago"]
[Result "1-0"]
[WhiteElo "2566"]
[BlackElo "2069"]
[TimeControl "180+1"]
[EndTime "14:06:51 PDT"]
[Termination "maximnovik won on time"]

1. e4 e5 2. Nf3 Nc6 3. Bc4 Bc5 4. d3 d6 5. h3 Nf6 6. a3 a6 7. Nc3 h6 8. Be3 Bxe3 9. fxe3 O-O 10. g4 b5 11. Bb3 Be6 12. Nd5 Bxd5 13. Bxd5 Nxd5 14. exd5 Ne7 15. e4 c6 16. dxc6 Nxc6 17. O-O d5 18. Qe2 Qb6+ 19. Kg2 Nd4 20. Nxd4 exd4 21.
e5 Rac8 22. Rae1 Qc5 23. Rf2 a5 24. Qf3 Rc6 25. h4 b4 26. axb4 Qxb4 27. Qxd5 Rg6 28. Re4 Qxb2 29. Qxd4 Qb7 30. Kg3 h5 31. g5 Re6 32.
Ref4 g6 33. Qe4 Qc8 34. d4 Qd7 35. d5 Ree8 36. e6 fxe6 37. Qxg6+ Qg7 38. Rxf8+ Rxf8 39. Qxe6+ Kh7 40. Rxf8 Qxf8 41. d6 Qf1 42. Qe7+ Kg6 43. Qe8+ Kg7 44. Qe5+ Kg6 45. Qe4+ Kg7 46. Qd4+ Kg8 47.
d7 Qe1+ 48. Kf4 1-0

[Event "Late-Titled-Tuesday-Blitz-May-14-2024"]
[Site "Chess.com"]
[Date "2024.05.14"]
[Round "1"]
[White "yaguigor"]
[Black "OIAM03"]
[Result "1-0"]
[WhiteElo "2558"]
[BlackElo "1948"]
[TimeControl "180+1"]
[EndTime "14:06:51 PDT"]
[Termination "yaguigor won by resignation"]

1. d4 Nf6 2. c4 g6 3. Nc3 d5 4. Nf3 Bg7 5. cxd5 Nxd5 6. e4 Nxc3 7.
bxc3 O-O 8. Be3 c5 9. Rc1 Qa5 10.
Qd2 cxd4 11. cxd4 Nc6 12. Qxa5 Nxa5 13. Rc7 e6 14. Bd3 Nc6 15. Bb5 Rd8 16. Bxc6 bxc6 17.
O-O Ba6 18. Rc1 Bd3 19. e5 Be4 20. Nd2 Bd5 21. a4 Bf8 22. Rb1 Rdb8 23. Rxb8 Rxb8 24.
Rxa7 Bb4 25. h4 Bxd2 26. Bxd2 Rb1+ 27. Kh2 Rb2 28. Be3 Ra2 29. a5 Kg7 30. Kg3 h5 31.
Bg5 Ra3+ 32. f3 Ra4 33. Bf6+ 1-0

[Event "Late-Titled-Tuesday-Blitz-May-14-2024"]
[Site "Chess.com"]
[Date "2024.05.14"]
[Round "1"]
[White "DreamsAreFake"]
[Black "bobo_panda"]
[Result "1-0"]
[WhiteElo "2759"]
[BlackElo "2430"]
[TimeControl "180+1"]
[EndTime "14:06:52 PDT"]
[Termination "DreamsAreFake won by checkmate"]

1. Nf3 Nf6 2. g3 d5 3. Bg2 Bf5 4. O-O e6 5. d3 Nbd7 6. c4 c6 7. cxd5 cxd5 8. Nc3 h6 9. Nd4 Bh7 10. e4 e5 11. Nf5 d4 12. Ne2 Bxf5 13. exf5 Nb6 14.
Bxb7 Rb8 15. Bc6+ Nfd7 16. f4 Bd6 17. fxe5 Bxe5 18. Bf4 O-O 19. Qd2 Qf6 20. Rac1 Bxf4 21. Qxf4 Ne5 22. Be4 Na4 23. b3 Nc3 24. Nxc3 dxc3 25.
d4 Nd7 26. Rxc3 Qxd4+ 27. Qe3 Qxe3+ 28. Rxe3 Rbc8 29. Bb1 Rfd8 30. Rd3 Ne5 31. Rxd8+ Rxd8 32. f6 gxf6 33. Rxf6 Rd1+ 34. Rf1 Nf3+ 35. Kf2 Rxf1+ 36. Kxf1 Nd2+ 37. Ke2 Nxb1 38. a4 Kf8 39. Kd3 Ke7 40. Kc2 Na3+ 41. Kb2 Nb5 42. axb5 Kd6 43. Ka3 Kc5 44.
Ka4 Kb6 45. Kb4 h5 46. h3 f6 47. h4 f5 48. Kc4 Ka5 49. Kc5 a6 50. bxa6 Kxa6 51.
Kd5 Kb5 52. Ke5 Kb4 53. Kxf5 Kxb3 54. Kg5 Kc4 55. Kxh5 Kd5 56. Kg6 Ke6 57. h5 Ke7 58.
Kg7 Ke6 59. h6 Kf5 60. h7 Kg4 61. h8=Q Kf3 62. Qh4 Ke3 63. Qf4+ Kd3 64. g4 Kc3 65. g5 Kd3 66. g6 Kc3 67. Kf7 Kd3 68. g7 Kc3 69.
g8=Q Kd3 70. Qgg3+ Ke2 71. Qff2+ Kd1 72. Qgg1# 1-0

[Event "Late-Titled-Tuesday-Blitz-May-14-2024"]
[Site "Chess.com"]
[Date "2024.05.14"]
[Round "1"]
[White "platy3"]
[Black "wild3000"]
[Result "1-0"]
[WhiteElo "2894"]
[BlackElo "2500"]
[TimeControl "180+1"]
[EndTime "14:06:53 PDT"]
[Termination "platy3 won by checkmate"]

1. e4 d6 2. d4 Nf6 3. f3 e6 4. c4 c5 5. d5 Be7 6. Nc3 O-O 7. Be3 Nbd7 8. Bd3 Ne5 9. Nge2 Nxd3+ 10. Qxd3 exd5 11.
cxd5 a6 12. a4 b6 13. O-O Bb7 14. Rab1 a5 15. Nb5 Ba6 16. Nec3 Nd7 17. b3 Bf6 18. Bd2 Re8 19. Rfe1 Ne5 20. Qc2 h5 21. Bf4 g5 22.
Be3 h4 23. h3 Qe7 24. Qd2 Ng6 25. Na3 Bxc3 26. Qxc3 f6 27. Nc4 Rab8 28. Rb2 Kh7 29. Rf2 Rg8 30. f4 Qxe4 31. fxg5 Qxd5 32. gxf6 Ne5 33.
Nxe5 dxe5 34. f7 Rg7 35. Bc1 Rf8 36. Rxe5 Qd4 37. Rh5+ Kg6 38. Rh6# 1-0

[Event "Late-Titled-Tuesday-Blitz-May-14-2024"]
[Site "Chess.com"]
[Date "2024.05.14"]
[Round "1"]
[White "Squirlolz"]
[Black "shirovin"]
[Result "1-0"]
[WhiteElo "2570"]
[BlackElo "2105"]
[TimeControl "180+1"]
[EndTime "14:06:53 PDT"]
[Termination "Squirlolz won by resignation"]

1. Nf3 Nf6 2. g3 e6 3. Bg2 d5 4.
O-O c5 5. c4 d4 6. e3 Nc6 7.
exd4 cxd4 8. d3 Be7 9. Bg5 h6 10.
Bxf6 Bxf6 11. Nbd2 O-O 12. Rb1 a5 13. a3 a4 14. Re1 e5 15. b4 axb3 16. Rxb3 Na5 17. Rb2 Bf5 18. Ne4 Bxe4 19. Rxe4 Re8 20. Rb5 Qc7 21.
Qb1 Rab8 22. Nd2 Nc6 23. c5 Ne7 24. Re2 Nc6 25. Nc4 Be7 26. Nb6 Na7 27. Nd5 Qd7 28.
Ra5 Nc6 29. Rb5 Na7 30. Nxe7+ Rxe7 31. Rb6 Nc8 32. c6 Qc7 33. Rxb7 Rxb7 34. cxb7 Nb6 35. Rc2 Qd8 36. Rc8 Nxc8 37. b8=Q Rd7 38. Q8b3 Nd6 39.
a4 Rb7 40. Bxb7 Nxb7 41. Qxb7 e4 42. Qb8 Qxb8 43. Qxb8+ Kh7 44. dxe4 d3 45. Qd8 d2 46.
Qxd2 1-0

[Event "Late-Titled-Tuesday-Blitz-May-14-2024"]
[Site "Chess.com"]
[Date "2024.05.14"]
[Round "1"]
[White "Mackster23"]
[Black "Fjal"]
[Result "1-0"]
[WhiteElo "2656"]
[BlackElo "2336"]
[TimeControl "180+1"]
[EndTime "14:06:54 PDT"]
[Termination "Mackster23 won by resignation"]

1. e4 d6 2. d4 g6 3. Nc3 Bg7 4.
Be3 c6 5. h4 h5 6. Qd2 Qa5 7.
O-O-O b5 8. Kb1 Be6 9. a3 b4 10. Na2 Bxa2+ 11. Kxa2 Nf6 12. f3 c5 13. dxc5 dxc5 14.
Bxc5 O-O 15. Bxe7 Re8 16. Bxb4 Qc7 17. Qc3 Qb7 18. Qb3 Nc6 19. Bc3 Qc7 20. Bc4 Rab8 21.
Qa4 Rec8 22. Bb3 Nd7 23. Bxg7 Nc5 24. Qc4 Nxb3 25. cxb3 Kxg7 26. Ne2 Qb7 27. Qc3+ Kg8 28. Qe3 Na5 29. Rd3 Rc2 30. Rc1 Rbc8 31. Rxc2 Rxc2 32. Rc3 Rxc3 33. Qxc3 Qb5 34. Nd4 Qb6 35. b4 Nb7 36. Nb3 Qf2 37. Qc8+ Kh7 38. Qxb7 1-0

[Event "Late-Titled-Tuesday-Blitz-May-14-2024"]
[Site "Chess.com"]
[Date "2024.05.14"]
[Round "1"]
[White "Viktoker"]
[Black "Meri-Arabidze"]
[Result "0-1"]
[WhiteElo "2373"]
[BlackElo "2701"]
[TimeControl "180+1"]
[EndTime "14:06:56 PDT"]
[Termination "Meri-Arabidze won by resignation"]

1. d4 Nf6 2. c4 e6 3. Nf3 Bb4+ 4. Nbd2 O-O 5. a3 Be7 6. e4 d6 7. Bd3 e5 8. O-O Nfd7 9. Re1 Nc6 10. d5 Ncb8 11.
b4 a5 12. Bb2 Na6 13. Bc3 c6 14. Nf1 Qc7 15. Rc1 axb4 16. axb4 c5 17. b5 Nb4 18. Ne3 Nxd3 19. Qxd3 g6 20. h4 Nf6 21. Ra1 Bd7 22.
Nd2 Nh5 23. g3 f5 24. Ng2 f4 25.
Rxa8 Rxa8 26. gxf4 Nxf4 27. Nxf4 exf4 28. e5 dxe5 29.
Bxe5 Bd6 30. Nf3 Bg4 31. Bb2 Ra2 32. Qc3 Rxb2 33. Qxb2 Bxf3 34. Re8+ Bf8 35. Rxf8+ Kxf8 36. Qh8+ Ke7 37. Qxh7+ Kd6 38. Qxg6+ Ke5 39. Qg5+ Kd4 40. Qxf4+ Qxf4 0-1

[Event "Late-Titled-Tuesday-Blitz-May-14-2024"]
[Site "Chess.com"]
[Date "2024.05.14"]
[Round "1"]
[White "ZachHKL"]
[Black "OriTaichman"]
[Result "0-1"]
[WhiteElo "2305"]
[BlackElo "2619"]
[TimeControl "180+1"]
[EndTime "14:06:56 PDT"]
[Termination "OriTaichman won by checkmate"]

1. c4 g6 2. g3 Bg7 3. Bg2 Nf6 4. Nf3 O-O 5. O-O d6 6. d4 Nc6 7. b3 e5 8. dxe5 dxe5 9. Bb2 e4 10. Nfd2 e3 11.
fxe3 Ng4 12. Bxg7 Nxe3 13. Qc1 Kxg7 14. Rf4 Nxg2 15. Kxg2 b6 16. Qb2+ Kg8 17. Ne4 f5 18.
Nec3 Bb7 19. Kg1 g5 20. Rf2 Qd4 21. Na3 f4 22. Nc2 Qc5 23. Ne4 Qe7 24. Nc3 fxg3 25.
Rxf8+ Rxf8 26. hxg3 Qc5+ 27. e3 Ne5 28. Nd4 Nf3+ 29.
Nxf3 Qxe3+ 30. Kg2 Qxf3+ 31. Kh2 Qh5+ 32. Kg1 Qh1# 0-1

[Event "Late-Titled-Tuesday-Blitz-May-14-2024"]
[Site "Chess.com"]
[Date "2024.05.14"]
[Round "1"]
[White "Jarming"]
[Black "invisible_s0ul"]
[Result "1-0"]
[WhiteElo "2670"]
[BlackElo "2351"]
[TimeControl "180+1"]
[EndTime "14:06:57 PDT"]
[Termination "Jarming won by checkmate"]

1. e4 c5 2. Nf3 d6 3. d4 cxd4 4. Qxd4 Nc6 5. Bb5 e5 6. Qd3 Bg4 7. Nc3 a6 8. Ba4 Nf6 9. Bg5 Be7 10. Rd1 b5 11. Bb3 Bxf3 12. gxf3 Nd4 13. Bxf6 Bxf6 14. Nd5 Bg5 15. a4 O-O 16. axb5 axb5 17. Rg1 h6 18. Rg4 Qa5+ 19. Kf1 Qd8 20. f4 Nxb3 21. fxg5 Nc5 22. Qg3 h5 23. Rh4 g6 24. Nf6+ Kg7 25. Qf3 Ne6 26.
Qe3 Nf4 27. Rxf4 exf4 28. Qxf4 Qe7 29. Rxd6 Rfd8 30. e5 Rxd6 31. exd6 Ra1+ 32. Kg2 Qb7+ 33. Ne4 Re1 34. f3 Re2+ 35. Kg3 Rxc2 36. h4 Qb6 37. Qe5+ Kf8 38. Qh8# 1-0

[Event "Late-Titled-Tuesday-Blitz-May-14-2024"]
[Site "Chess.com"]
[Date "2024.05.14"]
[Round "1"]
[White "ShahMatKanal"]
[Black "SahaNeelash"]
[Result "0-1"]
[WhiteElo "2399"]
[BlackElo "2729"]
[TimeControl "180+1"]
[EndTime "14:06:59 PDT"]
[Termination "SahaNeelash won by resignation"]

1. d4 d6 2. Nf3 Nd7 3. Nc3 g6 4. e4 Bg7 5. Bc4 e6 6. O-O a6 7. Be3 b5 8. Bd3 Bb7 9. a3 Ne7 10. Qd2 O-O 11. Bh6 Re8 12. Bxg7 Kxg7 13. Rae1 c5 14.
dxc5 Nxc5 15. Nd4 e5 16. Nde2 d5 17. Ng3 dxe4 18. Ngxe4 Nxd3 19. cxd3 Rc8 20. f4 Nf5 21. fxe5 Rxe5 22. Kh1 Qh4 23. Rf3 Rd8 24. Rh3 Qe7 25.
Qe2 h5 26. Qf1 Re8 27. Rc1 Qd8 28. Rf3 R8e7 29. b4 Nd4 30. Rf4 f5 31. Ng5 Rd7 32.
Rxd4 Rxd4 33. Nf3 Bxf3 34. Qxf3 Rxd3 35. Qb7+ Re7 36. Qc6 Rc7 0-1

[Event "Late-Titled-Tuesday-Blitz-May-14-2024"]
[Site "Chess.com"]
[Date "2024.05.14"]
[Round "1"]
[White "only_strong_moves"]
[Black "el_sporco"]
[Result "1-0"]
[WhiteElo "2693"]
[BlackElo "2368"]
[TimeControl "180+1"]
[EndTime "14:06:59 PDT"]
[Termination "only_strong_moves won on time"]

1. d4 Nf6 2. c4 e6 3. Nc3 Bb4 4. e3 O-O 5. Bd3 d5 6. cxd5 exd5 7. Ne2 c5 8. dxc5 Bxc5 9. O-O Nc6 10. Nf4 d4 11. exd4 Nxd4 12. Be3 Bg4 13. Qd2 Ne6 14. Nxe6 Bxe3 15. Qxe3 Bxe6 16. Rad1 Qa5 17. Rfe1 Rfe8 18. Qg3 h6 19. Re5 Qb4 20. Rb5 Qe7 21. Re1 a6 22. Rbe5 Qd7 23. h3 b5 24. a3 Rad8 25. Bb1 Qd2 26.
R5e2 Qd6 27. Qf3 b4 28. Ne4 Nxe4 29. Qxe4 g6 30. axb4 Rb8 31. Qe3 Kg7 32. Qc3+ Kh7 33.
Re4 Rec8 34. Qf6 Rxb4 35. Rxe6 Qf8 36. Re7 1-0

[Event "Late-Titled-Tuesday-Blitz-May-14-2024"]
[Site "Chess.com"]
[Date "2024.05.14"]
[Round "1"]
[White "geordie_derraugh"]
[Black "amanmuhammethommadov"]
[Result "1-0"]
[WhiteElo "2453"]
[BlackElo "2718"]
[TimeControl "180+1"]
[EndTime "14:07:00 PDT"]
[Termination "geordie_derraugh won by resignation"]

1. e4 e5 2. Bc4 Nf6 3. d3 Nc6 4.
Nc3 Na5 5. Nge2 Nxc4 6. dxc4 Be7 7. O-O O-O 8. b3 d6 9. a4 c6 10.
Ba3 Be6 11. Ng3 Qa5 12. Qf3 Rfd8 13. h3 g6 14. Rfd1 h5 15. Nce2 Nh7 16. Bb2 Bg5 17.
Bc3 Qc7 18. Rd3 Bh6 19. Rad1 Ng5 20. Qf6 Nh7 21. Qf3 Ng5 22. Qf6 h4 23. Nf1 Nh7 24.
Qxh4 Bg7 25. c5 d5 26. Qg3 d4 27. Bxd4 Bf6 28. Bb2 Qe7 29. Ba3 Ng5 30. Qe3 Rxd3 31. Rxd3 Rd8 32. Rxd8+ Qxd8 33. Qd3 Qa5 34. Qd2 Qc7 35.
Nfg3 Be7 36. Qc3 Nh7 37. Bb2 f6 38. Qe3 Nf8 39. f4 exf4 40. Nxf4 Bf7 41. b4 Nd7 42. Nfe2 a5 43. c3 Qe5 44. Qf4 Qe6 45. Qc7 Ne5 46.
Bc1 Qb3 47. Qxb7 Bxc5+ 48. Kh2 Bf2 49. Qa8+ Kg7 50. Qxa5 Qd1 51. Bf4 Nd3 52. Qd8 Nxf4 53. Qxd1 Ne6 54. a5 g5 55. a6 g4 56. hxg4 Bg6 57.
Nf5+ Kf7 58. Qd7+ 1-0

[Event "Late-Titled-Tuesday-Blitz-May-14-2024"]
[Site "Chess.com"]
[Date "2024.05.14"]
[Round "1"]
[White "Akhayan"]
[Black "Oneofmyturns"]
[Result "0-1"]
[WhiteElo "2452"]
[BlackElo "2810"]
[TimeControl "180+1"]
[EndTime "14:07:01 PDT"]
[Termination "Oneofmyturns won by resignation"]

1. e4 e5 2. Bc4 Nf6 3. d3 c6 4.
Nf3 d5 5. Bb3 Bd6 6. O-O O-O 7.
exd5 cxd5 8. Re1 Nc6 9. Bg5 Be6 10. Nc3 Bc7 11. Bxf6 gxf6 12. Nh4 Kh8 13. Qh5 Ne7 14. Qh6 Ng8 15. Qh5 Ne7 16. Qh6 Ng6 17. Ne2 f5 18.
Nf3 Qf6 19. Ng3 Qg7 20. Qd2 Nf4 21. d4 e4 22. Ne5 Bxe5 23. dxe5 Qxe5 24. Rad1 Rfd8 25.
Qb4 Rd7 26. Ba4 Rc7 27. Qa5 b6 28. Qb4 Rg8 29. Bb3 h5 30. h4 Rc5 31. Qa4 a5 32.
c3 Qf6 33. Bc2 Qxh4 34. Qb3 b5 35. Qa3 b4 36. Qa4 Qg5 37. cxb4 axb4 38. Qxb4 Rxc2 39. Qd4+ Kh7 40. Rc1 Rxc1 41. Rxc1 h4 42. Rc7 hxg3 43. fxg3 Ne2+ 0-1

[Event "Late-Titled-Tuesday-Blitz-May-14-2024"]
[Site "Chess.com"]
[Date "2024.05.14"]
[Round "1"]
[White "Mikhail_Bryakin"]
[Black "RespectfulDaveOnYouTube"]
[Result "0-1"]
[WhiteElo "2847"]
[BlackElo "2523"]
[TimeControl "180+1"]
[EndTime "14:07:02 PDT"]
[Termination "RespectfulDaveOnYouTube won by resignation"]

1. e4 e5 2. Nf3 Nc6 3. d4 exd4 4.
Bc4 Bc5 5. Ng5 Nh6 6. Nxf7 Nxf7 7. Qh5 Qe7 8. Bxf7+ Qxf7 9. Qxc5 d6 10. Qg5 O-O 11.
O-O Be6 12. Nd2 Rae8 13. f4 Nb4 14. b3 Nxc2 15. Rb1 Ne3 16. Rf2 Nd1 17. Rf1 Nc3 18.
Ra1 h6 19. Qh4 Bd7 20. Bb2 Nxe4 21. Nc4 b5 22. Na5 c5 23. Rad1 Bf5 24. b4 Qxa2 25.
Ba1 Nf6 26. Nc6 Re2 27. Qg3 Be4 28. Rf2 Rxf2 29. Qxf2 Qxf2+ 30. Kxf2 Bxc6 31. bxc5 dxc5 32. Rc1 Ne4+ 33. Kf1 Nc3 34. Re1 Rxf4+ 35. Kg1 Re4 36. Rf1 Ne2+ 37. Kh1 b4 38. Bb2 Nc3 39. Bc1 a5 0-1